 Dungeon Crawl Stone Soup version 0.28.0-53-g5a82cb258f (webtiles) character file.

Game seed: 11931524937175366654

73 firemarshallily the Caller (level 4, 0/30 HPs)
             Began as a Merfolk Summoner on June 2, 2022.
             Was a Believer of Fedhas.
             Slain by a gnoll
             ... wielding a +0 flail
              (12 damage)
             ... on level 3 of the Dungeon.
             The game lasted 00:10:53 (2776 turns).

firemarshallily the Caller (Merfolk Summoner)       Turns: 2776, Time: 00:10:54

Health: 0/30       AC:  3    Str:  8    XL:     4   Next: 27%
Magic:  2/8        EV: 13    Int: 16    God:    Fedhas [**....]
Gold:   22         SH:  0    Dex: 14    Spells: 2/8 levels left

rFire   . . .      SeeInvis .   h - +1 spear
rCold   . . .      Faith    .   (no shield)
rNeg    . . .      Spirit   .   a - +1 robe
rPois   .          Reflect  .   (no helmet)
rElec   .          Harm     .   (no cloak)
rCorr   .          Rampage  .   (no gloves)
Will    .....                   (no boots)
Stlth   ++........              (no amulet)
HPRegen 0.10/turn               (no ring)
MPRegen 0.11/turn               (no ring)

@: no status effects
A: (nimble swimmer 2), mertail
a: Renounce Religion, Wall of Briars


You were on level 3 of the Dungeon.
You worshipped Fedhas.
Fedhas was pleased with you.
You visited 1 branch of the dungeon, and saw 3 of its levels.

You collected 22 gold pieces.

Inventory:

Hand Weapons
 h - a +1 spear (weapon)
Missiles
 e - a throwing net
 g - 60 stones
Armour
 a - a +1 robe (worn)
Potions
 c - a potion of haste {unknown}
 d - a potion of attraction {unknown}
 j - a potion of curing {unknown}


   Skills:
 - Level 3.0 Dodging
 - Level 3.0 Stealth
 * Level 2.9 Spellcasting
 * Level 4.7 Summonings


You had 2 spell levels left.
You knew the following spells:

 Your Spells              Type           Power      Damage    Failure   Level
a - Summon Small Mammal   Summ           68%        N/A       2%          1
b - Call Imp              Summ           17%        N/A       4%          2
c - Call Canine Familiar  Summ           17%        N/A       9%          3

Your spell library contained the following spells:

 Spells                   Type           Power      Damage    Failure   Level
 Foxfire                  Conj/Fire      8%         2x1d4     19%         1
 Summon Guardian Golem    Hex/Summ       9%         N/A       22%         3
 Conjure Flame            Conj/Fire      2%         6-21      50%         3
 Inner Flame              Hex/Fire       2%         N/A       50%         3
 Summon Lightning Spire   Summ/Air       9%         N/A       56%         4
 Flame Wave               Conj/Fire      2%         2d4       88%         4


Dungeon Overview and Level Annotations

Branches:
Dungeon (3/15)

Altars:
Fedhas

Shops:
D:3 *


Innate Abilities, Weirdness & Mutations

((You are very nimble when in or above water. (Stealth+, EV+, Speed+++)))
Your lower body shifts to a powerful aquatic tail in water.


Message History

Blink to where?
Press: ? - help, Dir - move target
As you read the scroll labelled WIUJILURCHU, it crumbles to dust.
It was a scroll of blinking.
Your surroundings suddenly seem different.
You hit the gnoll but do no damage. The gnoll misses you.
Casting: Summon Small Mammal (safe; 2% risk of failure)
Confirm with . or Enter, or press ? or * to list all spells.
A beastly little devil appears in a puff of flame.
The gnoll closely misses you.
Casting: Call Imp (safe; 4% risk of failure)
Confirm with . or Enter, or press ? or * to list all spells.
The gnoll hits you with a +0 flail!
The gnoll closely misses your crimson imp.
Your quokka bites the gnoll but does no damage.
Your crimson imp barely misses the gnoll.
Reach: h) +1 spear
Press: ? - help, Dir - move target, f - gnoll
Aim: a gnoll, wielding a +0 flail and wearing a +0 scale mail (ally target, about 31% to evade your +1 spear)
You could not reach far enough!
The gnoll hits your crimson imp with a +0 flail!
Your quokka barely misses the gnoll.
Your crimson imp closely misses the gnoll.
Casting: Summon Small Mammal (safe; 2% risk of failure)
Confirm with . or Enter, or press ? or * to list all spells.
The gnoll hits your crimson imp with a +0 flail.
Your crimson imp dies!
Your crimson imp disappears in a puff of smoke!
Your quokka bites the gnoll but does no damage.
Casting: Summon Small Mammal (safe; 2% risk of failure)
Confirm with . or Enter, or press ? or * to list all spells.
A beastly little devil appears in a puff of flame.
Your quokka bites the gnoll but does no damage.
Your quokka closely misses the gnoll.
The gnoll hits you with a +0 flail!
You hit the gnoll.
The gnoll is lightly wounded.
Your quokka bites the gnoll but does no damage.
Your quokka bites the gnoll. x2; The gnoll hits you with a +0 flail!
You die...
Fedhas appreciates your contribution to the ecosystem.

######
.....##
......
#+..'#
#....#
♣..r5♣
♣rg.♣
♣♣@♣♣
♣.♣♣ ♣♣
######
..§..##
.≈≈≈..#


You could see a gnoll (ally target), a friendly crimson imp (summoned) and 2
friendly quokkas.

Vanquished Creatures
  2 gnolls (D:2)
  A hobgoblin (D:2)
  2 quokkas (D:2)
  A frilled lizard (D:2)
  2 rats
8 creatures vanquished.

Vanquished Creatures (collateral kills)
  A gnoll (D:2)
  A worm (D:2)
  A dart slug (D:1)
  3 ball pythons
  4 bats
  7 endoplasms
  A giant cockroach (D:2)
  2 goblins
  3 hobgoblins
  A kobold (D:2)
  A frilled lizard (D:1)
  3 rats
28 creatures vanquished.

Vanquished Creatures (others)
  A fungus (D:3)
1 creature vanquished.

Grand Total: 37 creatures vanquished

Notes
Turn   | Place    | Note
-------+----------+-------------------------------------------
     0 | D:1      | firemarshallily the Merfolk Summoner began the quest for
                  | the Orb.
     0 | D:1      | Reached XP level 1. HP: 13/13 MP: 3/3
    25 | D:1      | Found a faded altar of an unknown god.
    38 | D:1      | Prayed at the altar of an unknown god.
    38 | D:1      | Became a worshipper of Fedhas Madash
    38 | D:1      | Reached * piety under Fedhas
   580 | D:1      | Reached XP level 2. HP: 19/19 MP: 1/5
   928 | D:1      | Learned a level 2 spell: Call Imp
  1614 | D:2      | Reached ** piety under Fedhas
  1615 | D:2      | Reached XP level 3. HP: 19/24 MP: 2/6
  1981 | D:2      | Reached XP level 4. HP: 12/30 MP: 1/8
  2727 | D:3      | Found Ytaty's Assorted Antiques.
  2735 | D:3      | Learned a level 3 spell: Call Canine Familiar
  2776 | D:3      | Slain by a gnoll

Illustrated notes

Levels and vault maps discovered:
D:1:      evilmike_arrival_plus, layout_basic, nicolae_ecumenical_lake_church
D:2:      layout_loops_ring
D:3:      layout_loops_ring, serial_shops, nicolae_lakefront_shop, minivault_25,
          uniq_crazy_yiuf_cottage

Skill      XL: |  1  2  3  4 |
---------------+-------------+-----
Dodging        | 3 |  3.0
Stealth        | 3 |  3.0
Spellcasting   | |  2.9
Summonings     | |  4.7

Action                   |  1- 3 |  4- 6 || total
-------------------------+-------+-------++-------
Melee: Unarmed           |    27 |       ||    27
       Punch             |     1 |       ||     1
       Spear             |    36 |    11 ||    47
 Cast: Summon Small Mamm |    49 |     7 ||    56
       Call Imp          |     8 |     7 ||    15
  Use: Scroll            |     5 |     5 ||    10
 Stab: Sleeping          |       |     1 ||     1
Armor: Robe              |    18 |       ||    18
Dodge: Dodged            |    54 |     5 ||    59
